 Dungeon Crawl Stone Soup version 0.29-a0-234-g0dae59b3db (webtiles) character file.

Game seed: 1615392824760855836

31 riojii the Scratcher (level 3, -3/15 HPs)
             Began as a Felid Transmuter on Mar 3, 2022.
             Slain by a gnoll
             ... wielding a +0 spear
              (4 damage)
             ... on level 1 of the Dungeon.
             The game lasted 00:01:31 (1429 turns).

riojii the Scratcher (Felid Transmuter)             Turns: 1429, Time: 00:01:32

Health: -3/15      AC:  1    Str:  6    XL:     3   Next: 7%
Magic:  6/7        EV: 18    Int: 14    God:
Gold:   50         SH:  0    Dex: 18    Spells: 5/6 levels left
                                        Lives:  0   Deaths: 0

rFire   . . .      SeeInvis +     - Unarmed
rCold   . . .      Faith    .   (shield unavailable)
rNeg    . . .      Spirit   .   (body armour unavailable)
rPois   .          Reflect  .   (helmet unavailable)
rElec   .          Harm     .   (cloak unavailable)
rCorr   .          Rampage  .   (gloves unavailable)
Will    .....                   (boots unavailable)
Stlth   ++........              (no amulet)
HPRegen 0.05/turn               (no ring)
MPRegen 0.10/turn               (no ring)

@: appendages (expiring), quick
A: horns 2, very small, claws 1, fangs 3, see invisible, speed 1, shaggy fur 1,
stealthy paws, no weapons or thrown items, no armour, multi-lived
a: End Transformation


You were on level 1 of the Dungeon.
You had temporarily grown beastly horns.
You visited 1 branch of the dungeon, and saw 2 of its levels.

You collected 50 gold pieces.

Inventory:

Scrolls
 a - a scroll of identify
 e - 3 scrolls of teleportation
Potions
 b - a potion of lignification {unknown}
 c - 3 potions of heal wounds
 f - a potion of resistance {unknown}


   Skills:
 + Level 1.3 Fighting
 + Level 3.0 Dodging
 * Level 3.3 Unarmed Combat
 + Level 2.2 Spellcasting
 * Level 2.8 Transmutations


You had 5 spell levels left.
You knew the following spells:

 Your Spells              Type           Power      Damage    Failure   Level
a - Beastly Appendage     Tmut           18%        N/A       7%          1

Your spell library contained the following spells:

 Spells                   Type           Power      Damage    Failure   Level
 Wereblood                Tmut           9%         N/A       11%         2
 Animate Skeleton         Necr           2%         N/A       24%         1
 Apportation              Tloc           2%         N/A       24%         1
 Summon Small Mammal      Summ           4%         N/A       24%         1
 Spider Form              Tmut/Pois      5%         N/A       36%         3
 Ice Form                 Ice/Tmut       5%         N/A       77%         4


Dungeon Overview and Level Annotations

Branches:
Dungeon (2/15)

Altars:
Yredelemnul


Innate Abilities, Weirdness & Mutations

You have temporarily grown beastly horns.
You have sharp claws.
You have razor-sharp teeth.
You have supernaturally acute eyesight. (SInv)
You cover ground quickly. (Speed+)
You are covered in fur. (AC +1)
Your paws help you pounce on unaware monsters.
You are incapable of wielding weapons or throwing items.
You cannot wear armour.
You gain extra lives every three experience levels.


Message History

You scratch the gnoll.
The gnoll is severely wounded.
Your transformation is almost over.
The gnoll hits you with a +0 club.
You barely miss the gnoll. You headbutt the gnoll.
The gnoll is almost dead.
The gnoll closely misses you. The gnoll hits you with a +0 club.
You scratch the gnoll but do no damage.
The gnoll is almost dead.
The gnoll misses you. x2
You scratch the gnoll.
You kill the gnoll!
The gnoll completely misses you.
You have reached level 3!
Your experience leads to an increase in your attributes!
Increase (S)trength, (I)ntelligence, or (D)exterity?
You feel agile. x2
The gnoll misses you.
You climb upwards.
There is a stone staircase leading down here.
You start resting.
Your horns disappear.
HP restored.
You grow a pair of large bovine horns.
You climb downwards.
The gnoll closely misses you. x2
There is a stone staircase leading up here.
You scratch the gnoll.
The gnoll is lightly wounded.
The gnoll hits you with a +0 spear! The gnoll closely misses you.
You barely miss the gnoll.
The gnoll is lightly wounded.
The gnoll completely misses you.
The gnoll hits you from afar with a +0 spear!
* * * LOW HITPOINT WARNING * * *
The gnoll completely misses you. The gnoll barely misses you.
You climb upwards.
There is a stone staircase leading down here.
Your transformation is almost over.
The gnoll hits you from afar with a +0 spear.
You die...

#..# #.# #..# #.#
#############..##########.#
.....#[..............)....#
####.#.##################.#
#.#.# #.# #.#.##
#############.#
#....#####.....g.......#
#....†.......@>##.####.######
##...#####.######.####......##
##.## #)# #..........###..#
#.# #.# #.##.#####....... #.#
#.# #.##.# #..<#... #.# #.#
#.##.# ##..##... ######.#
#.###.##.####......≈≈ .....#.#
#................≈≈≈≈ .###.#.#
#####.######....≈≈≈≈≈


You could see a gnoll.

Vanquished Creatures
  A gnoll (D:2)
  A dart slug (D:1)
  3 ball pythons (D:1)
  A bat (D:1)
  2 endoplasms (D:1)
  A giant cockroach (D:1)
  3 quokkas (D:1)
  2 goblins (D:1)
  2 kobolds
  3 rats (D:1)
19 creatures vanquished.

Notes
Turn   | Place    | Note
-------+----------+-------------------------------------------
     0 | D:1      | riojii the Felid Transmuter began the quest for the Orb.
     0 | D:1      | Reached XP level 1. HP: 9/9 MP: 4/4
   217 | D:1      | Reached XP level 2. HP: 12/12 MP: 6/6
   412 | D:1      | Found a faded altar of an unknown god.
   922 | D:1      | Found a basalt altar of Yredelemnul.
  1257 | D:2      | Reached XP level 3. HP: 6/15 MP: 7/7
  1429 | D:1      | Slain by a gnoll

Illustrated notes

Levels and vault maps discovered:
D:1:      dpeg_arrival_water_altar, layout_loops_ring,
          hellmonk_ecumenical_altar_run_dry, due_unseen_surprise
D:2:      cheibrodos_pilgrimage, layout_basic, basic_altar, uniq_robin

Skill      XL: |  1  2 |
---------------+-------+-----
Dodging        | 3 |  3.0
Fighting       | |  1.3
Unarmed Combat | |  3.3
Spellcasting   | |  2.2
Transmutations | |  2.8

Action                   || total
-------------------------++-------
Melee: Unarmed           ||    55
       Bite              ||     3
       Headbutt          ||     8
 Cast: Beastly Appendage ||    19
  Use: Scroll            ||     3
 Stab: Sleeping          ||     2
Armor: Skin              ||     3
Dodge: Dodged            ||    52

Table legend: (Time is in decaauts)
 A = Elapsed time spent in this place.
 B = Non-inter-level travel time spent in this place.
 C = Inter-level travel time spent in this place.
 D = Time resting spent in this place.
 E = Time spent auto-exploring this place.
 F = Levels seen in this place.
 G = Mean time per level.
                   A        B        C        D        E       F      G
               +--------+--------+--------+--------+--------+-----+--------+
         Total |   1294 |   1285 |      9 |    399 |    704 |   2 |  647.0 |
       Dungeon |   1294 |   1285 |      9 |    399 |    704 |   2 |  647.0 |
               +--------+--------+--------+--------+--------+-----+--------+

Top non-repeatable levels by time:
     D:1: 1230 daAuts
     D:2: 64 daAuts
